 Dungeon Crawl Stone Soup version 0.29-a0-222-g5b244fca1f (webtiles) character file.

Game seed: 5942589867234570308

33 cyrus the Skirmisher (level 3, -6/29 HPs)
             Began as a Merfolk Fighter on Feb 27, 2022.
             Killed from afar by Ijyb (14 damage)
             ... with a bolt of acid
             ... on level 3 of the Dungeon.
             The game lasted 00:02:25 (1884 turns).

cyrus the Skirmisher (Merfolk Fighter)              Turns: 1884, Time: 00:02:26

Health: -6/29      AC:  8    Str: 16    XL:     3   Next: 29%
Magic:  3/3        EV:  8    Int:  9    God:
Gold:   105        SH:  5    Dex: 19    Spells: 2/2 levels left

rFire   . . .      SeeInvis .   a - +0 trident
rCold   . . .      Faith    .   c - +0 buckler
rNeg    . . .      Spirit   .   b - +0 scale mail
rPois   .          Reflect  .   (no helmet)
rElec   .          Harm     .   (no cloak)
rCorr   .          Rampage  .   h - +1 pair of gloves
Will    .....                   (no boots)
Stlth   ..........              (no amulet)
HPRegen 0.09/turn               f - +6 ring of dexterity
MPRegen 0.08/turn               (no ring)

@: mighty
A: (nimble swimmer 2), mertail
a: no special abilities


You were on level 3 of the Dungeon.
You visited 1 branch of the dungeon, and saw 3 of its levels.

You collected 105 gold pieces.

Inventory:

Hand Weapons
 a - a +0 trident (weapon)
Armour
 b - a +0 scale mail (worn)
 c - a +0 buckler (worn)
 h - a +1 pair of gloves (worn)
Jewellery
 f - a +6 ring of dexterity (left hand)
Scrolls
 e - a scroll of noise {unknown}
 g - 2 scrolls of teleportation {unknown}
 m - a scroll of amnesia {unknown}
Potions
 i - a potion of heal wounds {unknown}
 j - a potion of ambrosia {unknown}
 k - a potion of mutation {unknown}
 l - 2 potions of brilliance {unknown}
 n - a potion of curing {unknown}


   Skills:
 + Level 3.5 Fighting
 + Level 3.3 Polearms
 + Level 2.6 Armour
 + Level 3.2 Shields


You had 2 spell levels left.
You didn't know any spells.
Your spell library contained the following spells:

 Spells                   Type           Power      Damage    Failure   Level
 Ignite Poison            Fire/Tmut/Pois 0%         N/A       99%         3
 Mephitic Cloud           Conj/Pois/Air  0%         N/A       99%         3
 Freezing Cloud           Conj/Ice/Air   0%         6-21      100%        5


Dungeon Overview and Level Annotations

Branches:
Dungeon (3/15)

Altars:

Annotations:
D:3 Ijyb


Innate Abilities, Weirdness & Mutations

((You are very nimble when in or above water. (Stealth+, EV+, Speed+++)))
Your lower body shifts to a powerful aquatic tail in water.


Message History

You hit the goblin.
The goblin is moderately wounded.
You block the goblin's attack.
You completely miss the goblin.
The goblin is moderately wounded.
The goblin hits you with a +0 dagger. The goblin hits you but does no damage.
You closely miss the goblin. The goblin hits you but does no damage.
You closely miss the goblin. The goblin hits you but does no damage.
You closely miss the goblin. The goblin hits you but does no damage.
You barely miss the goblin. The goblin hits you but does no damage.
You hit the goblin.
The goblin is heavily wounded.
You block the goblin's attack.
You closely miss the goblin.
The goblin is heavily wounded.
The goblin hits you but does no damage. x2
You puncture the goblin!
You kill the goblin!
You see here a +0 dagger.
You now have 105 gold pieces (gained 9).
HP restored.
There is a stone staircase leading up here.
You see here a +0 dagger.
Ijyb and a bat come into view.
Ijyb is wielding a +0 club and carrying a wand of acid (4).
Things that are here:
a +0 ring mail; a viscous cyan potion
There are monsters nearby!
The bat closely misses you. You block the bat's attack.
The bat hits you but does no damage.
You closely miss the bat. The bat closely misses you.
You feel very mighty all of a sudden. The bat hits you but does no damage.
Ijyb barely misses you.
You barely miss Ijyb. The bat hits you but does no damage.
Ijyb zaps a wand.
The bolt of acid hits you!!
Ouch! That really hurt!
* * * LOW HITPOINT WARNING * * *
You barely miss Ijyb. The bat hits you but does no damage.
Ijyb zaps a wand.
The bolt of acid hits you!
You die...

#.# ### ##.## ..#
##...## .... .....
.....
###...##.....
#.......#....
#............
####....@g.#
.......[b###
.....#...#
........##
.###.#..### #
...........# .#
..###.#.)#.##.#.##
......#..<.......#
......#†....###...


You could see Ijyb and a bat.

Vanquished Creatures
  A worm (D:2)
  A dart slug (D:1)
  3 bats (D:2)
  2 endoplasms (D:2)
  3 giant cockroaches (D:2)
  5 goblins
  3 quokkas
  A frilled lizard (D:1)
  4 kobolds (D:1)
  2 rats (D:2)
25 creatures vanquished.

Notes
Turn   | Place    | Note
-------+----------+-------------------------------------------
     0 | D:1      | cyrus the Merfolk Fighter began the quest for the Orb.
     0 | D:1      | Reached XP level 1. HP: 18/18 MP: 1/1
   710 | D:1      | Reached XP level 2. HP: 23/24 MP: 2/2
  1211 | D:2      | Reached XP level 3. HP: 28/29 MP: 3/3
  1878 | D:3      | Noticed Ijyb
  1884 | D:3      | Killed from afar by Ijyb

Illustrated notes

Levels and vault maps discovered:
D:1:      sevenhm_arrival_forest_fort_small_1, layout_loops_ring
D:2:      layout_loops_corners
D:3:      layout_loops_ring, serial_shops, nicolae_shop_hallway_plus,
          shapermc_ecumenical_altar_petra, uniq_terence, uniq_ijyb

Skill      XL: |  1 |
---------------+----+-----
Polearms       | 3 |  3.3
Fighting       | |  3.5
Armour         | |  2.6
Shields        | |  3.2

Action                   || total
-------------------------++-------
Melee: Trident           ||    85
  Use: Potion            ||     1
Armor: Scale mail        ||    55
Dodge: Dodged            ||    28
Block: Buckler           ||    27

Table legend: (Time is in decaauts)
 A = Elapsed time spent in this place.
 B = Non-inter-level travel time spent in this place.
 C = Inter-level travel time spent in this place.
 D = Time resting spent in this place.
 E = Time spent auto-exploring this place.
 F = Levels seen in this place.
 G = Mean time per level.
                   A        B        C        D        E       F      G
               +--------+--------+--------+--------+--------+-----+--------+
         Total |   1897 |   1827 |     70 |      0 |   1535 |   3 |  632.3 |
       Dungeon |   1897 |   1827 |     70 |      0 |   1535 |   3 |  632.3 |
               +--------+--------+--------+--------+--------+-----+--------+

Top non-repeatable levels by time:
     D:2: 961 daAuts
     D:1: 849 daAuts
     D:3: 85 daAuts
